 Dungeon Crawl Stone Soup version 0.23.0-3-gf3c87f2 (webtiles) character file.

Game seed: 6203802008189219480

75553 sking99 the Severer (level 15, 0/139 HPs)
             Began as a Minotaur Berserker on Feb 24, 2019.
             Was a High Priest of Trog.
             Killed by divine providence
             ... invoked by Saint Roka
              (13 damage)
             ... on level 2 of the Orcish Mines.
             The game lasted 00:33:57 (22737 turns).

sking99 the Severer (Minotaur Berserker)           Turns: 22737, Time: 00:33:57

Health: 0/139      AC: 26    Str: 25    XL:     15   Next: 10%
Magic:  14/14      EV: 30    Int:  9    God:    Trog [*****.]
Gold:   1487       SH:  0    Dex: 16    Spells: 14/14 levels left

rFire    . . .     SeeInvis .   N - +1 battleaxe (elec)
rCold    . . .     Gourm    .   (shield currently unavailable)
rNeg     . . .     Faith    .   a - +1 plate armour
rPois    +         Spirit   .   L - +2 hat
rElec    .         Reflect  .   D - +2 cloak {rPois}
rCorr    .         Harm     .   p - +2 pair of gloves {Str+3}
MR       +....                  (no boots)
Stlth    ..........             F - amulet "Yrchanee" {Acrobat Int+5}
HPRegen  0.33/turn              (no ring)
MPRegen  0.14/turn              (no ring)

@: berserk cooldown, acrobat, very slightly contaminated, slowed, lightly
drained, very slow
A: retaliatory headbutt, horns 2
a: Berserk, Trog's Hand, Brothers in Arms, Renounce Religion


You were on level 2 of the Orcish Mines.
You worshipped Trog.
Trog was extremely pleased with you.
You were near starving.

You visited 3 branches of the dungeon, and saw 23 of its levels.
You also visited: Volcano.

You collected 1487 gold pieces.

Inventory:

Hand Weapons
 r - a +2 battleaxe of flaming
 N - a +1 battleaxe of electrocution (weapon)
Missiles
 q - a throwing net (quivered)
Armour
 a - a +1 plate armour (worn)
 p - a +2 pair of gloves of strength (worn)
 D - a +2 cloak of poison resistance (worn)
 L - a +2 hat (worn)
Jewellery
 z - an uncursed ring of fire
 F - the amulet "Yrchanee" (around neck) {Acrobat Int+5}
   (You found it on level 10 of the Dungeon)

   [amulet of the acrobat]

   It helps you evade while moving and waiting.
   It affects your intelligence (+5).
 K - an uncursed ring of ice
Wands
 l - a wand of flame (73)
 t - a wand of iceblast (46)
 B - a wand of paralysis (12)
 E - a wand of acid (12)
 G - a wand of scattershot (4)
 R - a wand of digging (13)
 T - a wand of disintegration (5)
Scrolls
 f - 5 scrolls of enchant armour
 g - 6 scrolls of enchant weapon
 i - a scroll of blinking
 j - 9 scrolls of remove curse
 n - 7 scrolls of teleportation
 o - a scroll of fear
 y - a scroll of identify
 C - 3 scrolls of vulnerability
 I - 8 scrolls of fog
 J - 2 scrolls of magic mapping
 P - 2 scrolls of random uselessness
 S - a scroll of brand weapon {unknown}
Potions
 b - 3 potions of magic
 d - 3 potions of haste
 e - a potion of lignification
 h - 3 potions of might
 k - 4 potions of curing
 m - 4 potions of heal wounds
 s - 5 potions of brilliance
 u - a potion of cancellation
 v - 2 potions of ambrosia
 w - a potion of flight
 x - 3 potions of agility
 A - a potion of invisibility
 H - a potion of berserk rage
 M - 5 potions of mutation
 O - a potion of resistance
Comestibles
 c - 39 rations
 Q - a chunk of flesh


   Skills:
 + Level 14.4(14.1) Fighting
 * Level 19.2(18.8) Axes
 + Level 14.3(13.9) Armour
 + Level 13.3(12.9) Dodging


You had 14 spell levels left.
You didn't know any spells.
Your spell library was empty.

Dungeon Overview and Level Annotations

Branches:
Dungeon (15/15)            Temple (0/1) D:7            Lair (6/6) D:9
 Shoals (0/4) Lair:4        Snake (0/4) Lair:2        Slime (0/5) Lair:5
    Orc (2/2) D:11            Elf (0/3) Orc:2        Vaults (0/5) D:13
 Depths: D:15

Altars:
Ashenzari
Dithmenos
Fedhas
Gozag
Makhleb
Okawaru
Qazlal
Ru
Sif Muna
Trog
Wu Jian
Xom

Shops:
D:4 =   D:5 [

Annotations:
Orc:2 Saint Roka


Innate Abilities, Weirdness & Mutations

You reflexively headbutt those who attack you in melee.
You have a pair of horns on your head.


Message History

You feel yourself slow down.
Okay, then.
You feel much better.
Your skin stops crawling.
You feel less resistant to hostile enchantments.
Saint Roka mumbles some strange prayers to Beogh against you.
Beogh smites you!
* * * LOW HITPOINT WARNING * * *
You feel much better.
Saint Roka invokes the aid of Beogh against you.
Beogh smites you!
* * * LOW HITPOINT WARNING * * *
Blink to where?
Press: ? - help, Dir - move target cursor You are very lightly contaminated with residual magic.
As you read the scroll of blinking, it crumbles to dust.
Saint Roka says, "In the orcish mines, orcs kill the likes of YOU!"
Saint Roka invokes the aid of Beogh against you.
Beogh smites you!
You die...

.....##.............#
.##.##....o.........#
###.................#
#...................#
..................##
...................##
........>...........#
................#...#
................@#.##
........##.##.......###
........######........##
.#.#....# #####.....# ###.....###
####...# ..........## ##..#...##
...#.......### #........#### ##
..#.#........##.........##.## ##.
.#._.#........##............###..


You could see Saint Roka.

Vanquished Creatures
  Frances (D:12)
  Gastronok (D:11)
  Snorg (Lair:4)
  A fire dragon (D:15)
  3 hydras
  A vault guard (D:13)
  Erolcha (D:11)
  A rakshasa (D:14)
  A centaur warrior (D:11)
  8 two-headed ogres
  2 ogre magi (D:15)
  4 death yaks (Lair:4)
  Urug (Lair:4)
  An orange crystal statue (D:13)
  An unseen horror (D:10)
  A wizard (D:13)
  A necromancer (D:13)
  8 ugly things
  3 cyclopes
  4 orc sorcerers
  4 manticores
  4 slime creatures (D:14)
  3 salamanders (Volcano)
  6 elephants
  2 centaur zombies
  4 black mambas
  20 spiny frogs
  A gargoyle (D:14)
  5 komodo dragons
  A redback zombie (D:14)
  A troll (D:13)
  A queen bee (Lair:6)
  3 meliai (Lair:6)
  A polar bear (Lair:4)
  23 blink frogs
  5 tyrant leeches (Lair:6)
  10 hippogriffs
  A meliai zombie (D:13)
  Sigmund (D:6)
  2 shadows (D:13)
  A wraith (D:12)
  24 yaks
  3 wyverns
  21 humans (D:13)
  A hungry ghost (D:12)
  2 fire bats (Volcano)
  6 basilisks
  9 vampire mosquitoes
  5 swamp worms (D:10)
  4 wargs
  2 acid dragons
  A hell hound (Volcano)
  10 water moccasins
  6 porcupines
  2 ice beasts
  4 sky beasts
  11 orc warriors
  4 black bears
  A necrophage (D:11)
  5 boggarts (D:15)
  4 ogres
  16 wolves
  3 centaurs
  7 crocodiles
  4 phantoms
  3 big kobolds
  2 wyvern zombies
  24 bullfrogs
  4 scorpions
  26 killer bees
  An electric eel (Lair:3)
  4 wights (D:12)
  2 crimson imps
  6 jellies
  2 bullfrog zombies
  4 bullfrog skeletons
  5 hounds
  Crazy Yiuf (D:7)
  6 orc priests
  5 centaur skeletons
  An iguana (D:9)
  21 orc wizards
  10 worker ants
  2 killer bee zombies
  A worker ant zombie (D:11)
  A howler monkey skeleton (D:8)
  4 gnolls (D:4)
  15 adders
  4 shadow imps
  An ooze (D:3)
  An adder zombie (D:9)
  3 worms
  4 dart slugs
  4 leopard geckos
  42 orcs
  3 giant cockroaches
  5 goblins
  4 hobgoblins
  10 jackals
  7 quokkas
  2 ball pythons
  6 bats
  11 frilled lizards
  24 kobolds
  3 leopard gecko skeletons
  A quokka skeleton (D:8)
  2 quokka zombies
  9 rats
  7 fungi
  10 plants
612 creatures vanquished.

Vanquished Creatures (collateral kills)
  4 hydras
  A black mamba (Lair:6)
  2 spiny frogs (Lair:6)
  A polar bear (Lair:6)
  2 blink frogs (Lair:6)
  A porcupine (Lair:4)
  A water moccasin (Lair:1)
  3 bullfrogs
15 creatures vanquished.

Vanquished Creatures (others)
  11 fungi
  47 plants
58 creatures vanquished.

Grand Total: 685 creatures vanquished

Notes
Turn   | Place    | Note
-------+----------+-------------------------------------------
     0 | D:1      | sking99 the Minotaur Berserker began the quest for the Orb.
     0 | D:1      | Reached XP level 1. HP: 19/19 MP: 0/0
    92 | D:1      | Reached XP level 2. HP: 16/27 MP: 1/1
   241 | D:1      | Reached skill level 4 in Axes
   593 | D:2      | Reached XP level 3. HP: 29/33 MP: 2/2
   884 | D:2      | Reached ** piety under Trog
  1030 | D:2      | Found a shimmering altar of Xom.
  1174 | D:2      | Found a burning altar of Makhleb.
  1182 | D:2      | Reached XP level 4. HP: 25/40 MP: 3/3
  1420 | D:3      | Reached skill level 5 in Axes
  1534 | D:3      | Reached XP level 5. HP: 47/47 MP: 4/4
  1947 | D:3      | Noticed a moth of wrath
  1949 | D:3      | Found a bloodstained altar of Trog.
  2463 | D:4      | Found a shadowy altar of Dithmenos.
  2463 | D:4      | Noticed a phantom
  2481 | D:4      | Killed a phantom
  2481 | D:4      | Reached XP level 6. HP: 37/55 MP: 5/5
  2663 | D:4      | Reached *** piety under Trog
  2663 | D:4      | Reached skill level 6 in Axes
  2672 | D:4      | Reached skill level 5 in Fighting
  2727 | D:4      | Found a shattered altar of Ashenzari.
  2727 | D:4      | Found a deep blue altar of Sif Muna.
  2727 | D:4      | Found an opulent altar of Gozag.
  2729 | D:4      | Found an ornate altar of the Wu Jian Council.
  2731 | D:4      | Found a stormy altar of Qazlal.
  3049 | D:4      | Found Lampawoph's Jewellery Shop.
  3072 | D:5      | Entered Level 5 of the Dungeon
  3598 | D:5      | Reached XP level 7. HP: 47/61 MP: 6/6
  3784 | D:5      | Noticed a hippogriff
  3795 | D:5      | Killed a hippogriff
  3795 | D:5      | Reached skill level 7 in Axes
  3917 | D:5      | Reached skill level 5 in Armour
  4258 | D:5      | Reached **** piety under Trog
  4303 | D:5      | Found Boukutto's Armour Shoppe.
  4312 | D:5      | Found a sacrificial altar of Ru.
  4541 | D:6      | Reached skill level 5 in Dodging
  4653 | D:6      | Found a stormy altar of Qazlal.
  4672 | D:6      | Reached XP level 8. HP: 70/70 MP: 7/7
  4712 | D:6      | Reached skill level 8 in Axes
  5412 | D:6      | Noticed Sigmund
  5419 | D:6      | Killed Sigmund
  5419 | D:6      | Reached skill level 9 in Axes
  6191 | D:7      | Found a staircase to the Ecumenical Temple.
  6253 | D:7      | Reached XP level 9. HP: 79/79 MP: 8/8
  6565 | D:7      | Found a runed translucent door.
  6566 | D:7      | Noticed Crazy Yiuf
  6594 | D:7      | Found a blossoming altar of Fedhas.
  6793 | D:7      | Killed Crazy Yiuf
  6876 | D:8      | Reached skill level 10 in Axes
  7157 | D:8      | Received a gift from Trog
  7188 | D:8      | Noticed a two-headed ogre
  7194 | D:8      | Killed a two-headed ogre
  7303 | D:8      | Noticed a two-headed ogre
  7314 | D:8      | Killed a two-headed ogre
  7314 | D:8      | Reached skill level 11 in Axes
  7750 | D:8      | Reached XP level 10. HP: 84/90 MP: 9/9
  8414 | D:9      | Reached skill level 12 in Axes
  8757 | D:9      | Found a staircase to the Lair.
  8878 | D:10     | Entered Level 10 of the Dungeon
  8948 | D:10     | Reached ***** piety under Trog
  9747 | D:10     | Got a serpentine sapphire amulet
  9845 | D:10     | Noticed a manticore
  9865 | D:10     | Killed a manticore
  9955 | D:10     | Reached XP level 11. HP: 99/99 MP: 10/10
 10221 | D:10     | Reached skill level 13 in Axes
 10596 | D:10     | Killed an unseen horror
 10772 | D:11     | Noticed Gastronok
 10784 | D:11     | Killed Gastronok
 10784 | D:11     | Reached skill level 10 in Fighting
 10876 | D:11     | Reached skill level 10 in Armour
 11008 | D:11     | Identified the amulet "Yrchanee" {Acrobat Int+5} (You found
                  | it on level 10 of the Dungeon)
 11041 | D:11     | Found a staircase to the Orcish Mines.
 11048 | D:11     | Noticed Erolcha
 11061 | D:11     | Killed Erolcha
 11321 | D:11     | Noticed a centaur warrior
 11332 | D:11     | Reached skill level 14 in Axes
 11334 | D:11     | Received a gift from Trog
 11335 | D:11     | Killed a centaur warrior
 11644 | D:11     | Noticed a green ugly thing
 11653 | D:11     | Killed a green ugly thing
 12377 | Lair:1   | Entered Level 1 of the Lair of Beasts
 12912 | Lair:1   | Noticed a four-headed hydra
 12913 | Lair:1   | Reached XP level 12. HP: 110/110 MP: 11/11
 12917 | Lair:1   | Killed a three-headed hydra
 12917 | Lair:1   | Reached skill level 10 in Dodging
 13405 | Lair:2   | Found a staircase to the Snake Pit.
 13576 | Lair:2   | Reached skill level 15 in Axes
 15490 | Lair:4   | Noticed Urug
 15506 | Lair:4   | Killed Urug
 15762 | Lair:4   | Noticed Snorg
 15774 | Lair:4   | Killed Snorg
 15869 | Lair:4   | Found a staircase to the Shoals.
 16164 | Lair:4   | Noticed a death yak
 16165 | Lair:4   | Noticed a death yak
 16165 | Lair:4   | Noticed a death yak
 16166 | Lair:4   | Noticed a death yak
 16177 | Lair:4   | Killed a death yak
 16177 | Lair:4   | Reached skill level 16 in Axes
 16179 | Lair:4   | Killed a death yak
 16184 | Lair:4   | Killed a death yak
 16190 | Lair:4   | Killed a death yak
 16190 | Lair:4   | Reached XP level 13. HP: 118/118 MP: 12/12
 16575 | Lair:5   | Found a dark tunnel.
 16581 | Volcano  | Entered a volcano
 17146 | Lair:5   | Found a staircase to the Slime Pits.
 17327 | Lair:5   | You fall through a shaft!
 17327 | Lair:6   | Entered Level 6 of the Lair of Beasts
 17391 | Lair:6   | Received a gift from Trog
 17391 | Lair:6   | Reached skill level 17 in Axes
 18011 | Lair:6   | Reached XP level 14. HP: 116/129 MP: 13/13
 19599 | D:12     | Noticed Frances
 19611 | D:12     | Killed Frances
 19715 | D:12     | Reached skill level 18 in Axes
 20851 | D:13     | Found a gate to the Vaults.
 20855 | D:13     | Received a gift from Trog
 21518 | D:14     | Received a gift from Trog
 22012 | D:15     | Entered Level 15 of the Dungeon
 22026 | D:15     | Paralysed by an orc sorcerer for 2 turns
 22030 | D:15     | Reached skill level 19 in Axes
 22055 | D:15     | Reached XP level 15. HP: 29/139 MP: 14/14
 22392 | Orc:1    | Entered Level 1 of the Orcish Mines
 22500 | Orc:2    | Entered Level 2 of the Orcish Mines
 22522 | Orc:2    | Found an iron altar of Okawaru.
 22677 | Orc:2    | Found a staircase to the Elven Halls.
 22705 | Orc:2    | Noticed Saint Roka
 22725 | Orc:2    | HP: 2/208 [Saint Roka/divine providence (12)]
 22737 | Orc:2    | Killed from afar by Saint Roka

Skill      XL: |  1  2  3  4  5  6  7  8  9 10 11 12 13 14 |
---------------+-------------------------------------------+-----
Axes           | 4 5 6 7 9 11 12 14 16 17 19 | 19.2
Fighting       | 4 5 6 7 8 9 11 12 13 14 | 14.4
Armour         | 3 4 5 6 8 9 10 12 13 14 | 14.3
Dodging        | 3 4 5 6 7 8 9 11 12 13 | 13.3

Action                   |  1- 3 |  4- 6 |  7- 9 | 10-12 | 13-15 || total
-------------------------+-------+-------+-------+-------+-------++-------
Melee: Hand axe          |    80 |   155 |   127 |       |       ||   362
       Headbutt          |    13 |    28 |    45 |   130 |   158 ||   374
       Broad axe         |       |       |   117 |   321 |       ||   438
       Battleaxe         |       |       |       |   237 |   639 ||   876
Invok: Berserk           |       |     1 |     5 |    11 |     5 ||    22
       Brothers in Arms  |       |       |     1 |     5 |     6 ||    12
       Trog's Hand       |       |       |       |     2 |     6 ||     8
  Use: Scroll            |       |     9 |     2 |     2 |    21 ||    34
       Potion            |       |       |       |       |     3 ||     3
 Stab: Distracted        |       |       |       |     1 |       ||     1
  Eat: Chunk             |     1 |     9 |    33 |    24 |    24 ||    91
       Ration            |       |       |       |     2 |     2 ||     4
Armor: Ring mail         |    33 |     2 |       |       |       ||    35
       Scale mail        |       |    51 |    44 |       |       ||    95
       Plate armour      |       |       |    67 |   270 |   311 ||   648
Dodge: Dodged            |    57 |    92 |   123 |   310 |   555 ||  1137
